[Event "XVI Memorial Ezequiel Martin 2024"]
[Site "Mollet"]
[Date "2024.06.09"]
[Round "1.1"]
[White "Narciso Dublan, Marc"]
[Black "Colomer Gomez, Jordi"]
[Result "1-0"]
[ECO "C44"]
[WhiteElo "2432"]
[BlackElo "1932"]
[Annotator "RC"]
[PlyCount "81"]
[EventDate "2024.06.01"]
[EventType "swiss"]
[EventCountry "ESP"]
[SourceTitle "playchess.com"]
[Source "ChessBase"]
[SourceQuality "1"]
[TimeControl "900+5"]

1. e4 e5 2. Nf3 Nc6 3. g3 Bc5 4. Bg2 d6 5. O-O Nf6 6. d3 O-O 7. c3 Bg4 8. h3 Bh5 9. Nbd2 a5 10. a4 Re8 11. Nc4 h6 12. Be3 Bxe3 13. Nxe3 d5 14. exd5 Nxd5 15. Re1 Nf6 16. Qb3 Rb8 17. Rad1 Qc8 18. g4 Bg6 19. Nh4 Bh7 20. Nhf5 Qe6 21. Qxe6 Rxe6 22. d4 exd4 23. Nxd4 Nxd4 24. Rxd4 c6 25. Red1 Rbe8 26. Bf1 g5 27. Bc4 Re5 28. Rd6 Kg7 29. Bd3 Bg6 30. Bxg6 fxg6 31. Kf1 h5 32. Rd8 Rxd8 33. Rxd8 Re8 34. Rxe8 Nxe8 35. Nc4 Kf6 36. Ke2 Ng7 37. Nxa5 Ne6 38. Nxb7 Nf4+ 39. Kf3 Ke7 40. gxh5 gxh5 41. h4 1-0

[Event "XVI Memorial Ezequiel Martin 2024"]
[Site "Mollet"]
[Date "2024.06.09"]
[Round "1.2"]
[White "Pous Garriga, Antoni"]
[Black "Garriga Cazorla, Pere"]
[Result "0-1"]
[ECO "A04"]
[WhiteElo "1862"]
[BlackElo "2471"]
[Annotator "TA"]
[PlyCount "64"]
[EventDate "2024.06.01"]
[EventType "swiss"]
[EventCountry "ESP"]
[SourceTitle "playchess.com"]
[Source "ChessBase"]
[SourceQuality "1"]
[TimeControl "900+5"]

1. e4 c5 2. g3 Nc6 3. Bg2 g6 4. c3 Bg7 5. Nf3 e5 6. d3 Nge7 7. O-O O-O 8. Re1 h6 9. Be3 d6 10. Qd2 Kh7 11. d4 cxd4 12. cxd4 {[%emt 0:00:08] The position is equal.} Bg4 {[%emt 0:00:41] [#] ...Bxf3 is the strong threat.} 13. d5 Bxf3 14. Bxf3 Nd4 15. Bxd4 exd4 {[%emt 0:00:02] Black is weak on the light squares} 16. Qd3 ({White should play} 16. Na3 $16) 16... Qb6 17. Nd2 Qxb2 18. Rab1 $1 Qc3 19. Qxc3 dxc3 20. Nc4 b6 (20... c2 $11 21. Rbc1 Rfd8) 21. Nxd6 $16 Rad8 (21... c2 22. Rbc1 Nc8 23. Nc4 $16) 22. e5 f6 (22... g5 $14) 23. exf6 ({White must play} 23. Nb7 $16 fxe5 24. Nxd8 Rxd8 25. Rb3) 23... Bxf6 $11 24. Ne4 ({Better is} 24. Re6 $11) 24... Nxd5 (24... Rxd5 $2 {is the wrong capture.} 25. Nxf6+ Kg7 26. Nxd5 $18) (24... Bg7 $1 $15 25. Bd1 (25. d6 $2 Nf5 $19) 25... Nxd5 (25... Rxd5 26. Nxc3 Bxc3 27. Rxe7+ Kh8 28. Re2 $15)) 25. Nxf6+ Rxf6 26. Bxd5 (26. Kg2 $11 {remains equal.}) 26... Rxd5 $15 {[%emt 0:00:01][%mdl 4096] Endgame. KRR-KRR} 27. Re7+ Kg8 {[%emt 0:00:01] [#] aiming for ...c2.} 28. Rc7 Rd2 {[%emt 0:00:35][%csl LRa2,LRf2] Strongly threatening ...c2.} 29. f4 $2 {[%emt 0:00:14][%mdl 8192] Now White is beyond hope.} (29. Re1 $17) 29... c2 $19 {[%emt 0:00:57] Black is clearly winning.} ({Less strong is} 29... Rxa2 30. Rxc3 Kg7 31. Rd3 $17) 30. Re1 Rf7 31. Re8+ Kg7 32. Rcc8 Rd1+ {[%emt 0:00:47] Weighted Error Value: White=0.65/Black=0.19 (very precise) .  Loses game:     	White=1     	---        Mistake:       	White=4     	Black=3      Inaccurate:     	---       	Black=1      OK:         	White=5     	Black=5      Best:        	White=5     	Black=2      Strong:       	White=1     	---} 0-1

[Event "XVI Memorial Ezequiel Martin 2024"]
[Site "Mollet"]
[Date "2024.06.09"]
[Round "1.3"]
[White "Diaz Camallonga, Carles"]
[Black "Ballo Serrano, Jan"]
[Result "1-0"]
[ECO "B28"]
[WhiteElo "2478"]
[BlackElo "1917"]
[Annotator "TA"]
[PlyCount "89"]
[EventDate "2024.06.01"]
[EventType "swiss"]
[EventCountry "ESP"]
[SourceTitle "playchess.com"]
[Source "ChessBase"]
[SourceQuality "1"]
[TimeControl "900+5"]

1. e4 c5 2. Nf3 a6 3. c4 Nc6 4. d4 cxd4 5. Nxd4 e5 6. Nc2 Nf6 7. Nc3 Bc5 8. Be2 d6 9. O-O O-O 10. Bg5 Be6 {[%emt 0:04:48] The position is equal.} 11. Qd2 h6 12. Be3 Bxe3 13. Qxe3 Qa5 14. Rfd1 Rfd8 15. Rd2 Rac8 16. Rad1 Qc7 17. Na3 ({Better is} 17. b3 $14) 17... Nd4 $11 18. Bf1 Nd7 19. h3 Nb6 20. b3 Nd7 21. Ne2 Nxe2+ 22. Bxe2 Nb8 23. Nc2 Nc6 24. Bg4 Rb8 25. Qc3 Qe7 26. Rd3 g6 (26... Rbc8 $14) 27. Bxe6 $16 Qxe6 28. Qd2 b5 (28... Kg7 $16 {was necessary.} 29. a4 (29. Rxd6 Rxd6 30. Qxd6 Rd8 $17) 29... h5) 29. cxb5 $18 (29. Rxd6 Rxd6 30. Qxd6 Rd8 (30... bxc4 $2 31. Qxe6 fxe6 32. bxc4 $18) 31. Qxd8+ Nxd8 32. Rxd8+ Kg7) 29... axb5 30. Qxh6 b4 31. Qd2 Ra8 32. Rxd6 $2 {[%emt 0:00:00] [#]} (32. Ne3 $18) 32... Rxd6 $11 33. Qxd6 Rxa2 (33... Rd8 $11 34. Qxd8+ Nxd8 35. Rxd8+ Kg7) 34. Qxe6 $14 (34. Nxb4 $2 {loses.} Qxd6 35. Rxd6 Nxb4 $19) 34... fxe6 $18 {[%emt 0:00:01][%mdl 4096] Endgame. KRN-KRN} 35. Ne3 Rb2 (35... Nd4 $14) 36. Rd6 $16 Nd4 {[%emt 0:00:05] [#]} 37. Nc4 $1 Rxb3 (37... Rb1+ {was worth a try.} 38. Kh2 g5 39. Nxe5 Nxb3) 38. Nxe5 $18 Ne2+ 39. Kh2 Rb1 40. Rxe6 ({Weaker is} 40. Nxg6 b3 $14) 40... b3 $2 (40... g5 41. Rg6+ Kh7 42. Rxg5 b3) 41. Rxg6+ {[%emt 0:00:00] White is clearly winning.} Kf8 42. Rb6 Nd4 43. Nc6 Nxc6 (43... Ne6 $142 44. Na5 b2) 44. Rxc6 b2 45. Rb6 {[%emt 0:00:00] Weighted Error Value: White=0.15 (very precise) /Black=0.35.  Missed win:     	White=1     	---        Mistake:       	White=1     	Black=7      Inaccurate:     	---       	Black=3      OK:         	White=15    	Black=5      Best:        	White=3     	---        Strong:       	White=1     	---} 1-0

[Event "XVI Memorial Ezequiel Martin 2024"]
[Site "Mollet"]
[Date "2024.06.09"]
[Round "1.4"]
[White "Lopez Milan, David"]
[Black "Ayats Llobera, Gerard"]
[Result "0-1"]
[ECO "C25"]
[WhiteElo "1868"]
[BlackElo "2466"]
[Annotator "TA"]
[PlyCount "62"]
[EventDate "2024.06.01"]
[EventType "swiss"]
[EventCountry "ESP"]
[SourceTitle "playchess.com"]
[Source "ChessBase"]
[SourceQuality "1"]
[TimeControl "900+5"]

1. e4 Nc6 2. Nc3 e5 3. Bc4 d6 4. d3 g6 5. Qf3 Be6 6. Nge2 Bg7 7. O-O Bxc4 8. dxc4 {[%emt 0:00:00] The position is equal.} Nge7 9. Bg5 O-O 10. Bf6 Qd7 11. Bxg7 Kxg7 12. Rad1 b6 13. Kh1 f5 14. Qh3 Rad8 15. f4 fxe4 16. Qxd7 Rxd7 17. Nxe4 Nf5 18. fxe5 Nxe5 19. b3 Ne3 20. Rxf8 {[%emt 0:00:00][%cal Od1f1] [#] Black must now prevent Rdf1!} Kxf8 21. Rd2 Rf7 22. N4g3 {[%emt 0:00:00] Against Rf1+} (22. N2g3 $11 {and White is okay.}) 22... h5 $36 {[%emt 0:00:05][%mdl 2048] aiming for ...h4. Black is in control.} 23. h4 $2 {[%emt 0:00:00] This move loses the game for White.} (23. Ng1 $17 {was worth a try.}) 23... Rf2 24. Ne4 Rf1+ 25. Ng1 N5g4 {[%emt 0:00:26] Wards off Rf2+. ...Rf4 would now be deadly.} 26. Re2 $2 (26. g3 {was the only defense.}) 26... Rc1 {[%emt 0:00:12][%cal Oe3f5] And now ...Nf5! would win.} 27. Nf6 Nf5 (27... Nxf6 $2 28. Rxe3 Rxc2 29. Re2 $19) 28. Nxg4 hxg4 29. Rd2 $2 {[%emt 0:00:11] [#]} (29. Rf2 $19) 29... Ng3+ {[%emt 0:00:01] Black mates.} 30. Kh2 Nf1+ 31. Kh1 Nxd2 {[%emt 0:00:02] Weighted Error Value: White=0.70/Black=0.19 (very precise) .  Loses game:     	White=1     	---        Mistake:       	White=3     	---        Inaccurate:     	White=3     	Black=2      OK:         	White=7     	Black=9      Best:        	White=5     	Black=2} 0-1

[Event "XVI Memorial Ezequiel Martin 2024"]
[Site "Mollet"]
[Date "2024.06.09"]
[Round "1.5"]
[White "Hernandez, Cristian Andres"]
[Black "Marcos Pina, Agustin"]
[Result "1-0"]
[ECO "C10"]
[WhiteElo "2350"]
[BlackElo "1791"]
[Annotator "RC"]
[PlyCount "65"]
[EventDate "2024.06.01"]
[EventType "swiss"]
[EventCountry "ESP"]
[SourceTitle "playchess.com"]
[Source "ChessBase"]
[SourceQuality "1"]
[TimeControl "900+5"]

1. e4 e6 2. d4 d5 3. Nc3 c5 4. exd5 exd5 5. dxc5 Nf6 6. Bb5+ Nc6 7. Qe2+ Be7 8. Bg5 O-O 9. O-O-O a6 10. Ba4 Bxc5 11. Rxd5 Qe7 12. Bxf6 Qxf6 13. Rxc5 Nd4 14. Qd2 Bf5 15. Nd5 Qh4 16. Rc4 Ne2+ 17. Qxe2 Qh6+ 18. Qe3 Qxe3+ 19. Nxe3 Be6 20. Rc7 b5 21. Bb3 Rfe8 22. Nf3 a5 23. Rd1 a4 24. Bxe6 Rxe6 25. Rdd7 Rf8 26. Rxf7 Rxf7 27. Rxf7 Kxf7 28. Ng5+ Ke7 29. Nd5+ Kd6 30. Nxe6 Kxe6 31. Nc7+ Ke5 32. Nxb5 g5 33. Nc3 1-0

[Event "XVI Memorial Ezequiel Martin 2024"]
[Site "Mollet"]
[Date "2024.06.09"]
[Round "1.6"]
[White "Montemayor Montemayor, Gera"]
[Black "Aloma Vidal, Robert"]
[Result "0-1"]
[ECO "B21"]
[WhiteElo "1795"]
[BlackElo "2428"]
[Annotator "RC"]
[PlyCount "91"]
[EventDate "2024.06.01"]
[EventType "swiss"]
[EventCountry "ESP"]
[SourceTitle "playchess.com"]
[Source "ChessBase"]
[SourceQuality "1"]
[TimeControl "900+5"]

1. e4 c5 2. d4 cxd4 3. Nf3 g6 4. Bc4 Bg7 5. O-O Nc6 6. c3 d3 7. Qxd3 d6 8. Rd1 Bg4 9. Bg5 Nf6 10. Nbd2 O-O 11. h3 Bxf3 12. Nxf3 Qc7 13. Qe3 Rab8 14. a4 a6 15. Bh6 Nd7 16. Bxg7 Kxg7 17. h4 h6 18. h5 Nce5 19. Be2 Qc5 20. Qxc5 Nxf3+ 21. Bxf3 Nxc5 22. Rd5 Nd7 23. Ra3 Ne5 24. Be2 g5 25. g3 g4 26. Kg2 Rfc8 27. Rb3 Rc6 28. f4 gxf3+ 29. Bxf3 Nc4 30. Rd4 Rc5 31. Rb4 Ne5 32. Be2 a5 33. Rb6 Nd7 34. Rb3 b6 35. Bb5 Ne5 36. Ra3 Ng4 37. Ra1 Rxh5 38. Rf1 Ne3+ 39. Kf2 Nxf1 40. Kxf1 Rc8 41. Kg2 Rcc5 42. b4 Rxc3 43. bxa5 bxa5 44. Bd7 Rg5 45. g4 h5 46. Rd2 0-1

[Event "XVI Memorial Ezequiel Martin 2024"]
[Site "Mollet"]
[Date "2024.06.09"]
[Round "2.1"]
[White "Lobo Pereira, Arami"]
[Black "Narciso Dublan, Marc"]
[Result "0-1"]
[ECO "A95"]
[WhiteElo "1920"]
[BlackElo "2432"]
[Annotator "RC"]
[PlyCount "54"]
[EventDate "2024.06.01"]
[EventType "swiss"]
[EventCountry "ESP"]
[SourceTitle "playchess.com"]
[Source "ChessBase"]
[SourceQuality "1"]
[TimeControl "900+5"]

1. d4 e6 2. c4 f5 3. g3 Nf6 4. Bg2 d5 5. Bf4 Be7 6. Nf3 O-O 7. O-O c6 8. Nc3 Nbd7 9. Qd3 Ne4 10. cxd5 exd5 11. Ne5 Nxe5 12. Bxe5 Be6 13. f3 Nd6 14. b3 Qe8 15. e4 fxe4 16. fxe4 Qg6 17. Rxf8+ Rxf8 18. Bxd6 Bxd6 19. Rf1 Rxf1+ 20. Bxf1 dxe4 21. Qxe4 Bf5 22. Bc4+ Kh8 23. Qh4 Qe8 24. Qg5 Bg6 25. Kg2 h6 26. Qg4 Bb4 27. Qe2 Bxc3 0-1

[Event "XVI Memorial Ezequiel Martin 2024"]
[Site "Mollet"]
[Date "2024.06.09"]
[Round "2.2"]
[White "Garriga Cazorla, Pere"]
[Black "Martin Capitan, Feliciano"]
[Result "1/2-1/2"]
[ECO "D38"]
[WhiteElo "2471"]
[BlackElo "2018"]
[Annotator "TA"]
[PlyCount "73"]
[EventDate "2024.06.01"]
[EventType "swiss"]
[EventCountry "ESP"]
[SourceTitle "playchess.com"]
[Source "ChessBase"]
[SourceQuality "1"]
[TimeControl "900+5"]

1. d4 d5 2. c4 e6 3. Nc3 Bb4 4. Nf3 Nf6 5. Qa4+ Nc6 6. a3 Bxc3+ 7. bxc3 O-O 8. Bg5 h6 9. Bh4 Ne7 10. Bxf6 gxf6 11. Qc2 c5 12. cxd5 cxd4 (12... Qxd5 $11 13. e4 Qc6) 13. dxe6 $14 {[%emt 0:00:42] White is more active.} (13. Nxd4 e5 14. Nf3 Nxd5 $15) (13. cxd4 Qxd5 14. e3 b6 $11) 13... Bxe6 14. cxd4 (14. Nxd4 $14 Rc8 15. Nxe6 fxe6 16. Rc1) 14... Rc8 $15 15. Qd2 Bf5 $1 {[%emt 0:00:35] [#] ...Rc2 is the strong threat.} 16. e4 $1 Bxe4 17. Bd3 {[%emt 0:00:14] Dodges Rc2} Bxd3 18. Qxd3 Qa5+ 19. Kf1 (19. Nd2 $11) 19... Rc3 $36 {[%emt 0:01:19][%mdl 2048] Black is in control.} 20. Qd2 (20. Qe4 $142 Ng6 (20... Rxa3 21. Rxa3 Qxa3 22. g3 $11) 21. Re1) 20... Rfc8 21. h4 (21. Qxh6 $2 Rxa3 22. Re1 Ra1 $19) 21... Qa6+ 22. Kg1 Rxa3 (22... Kh7 {with more complications.} 23. d5 Qd6 24. Re1 Nxd5 25. Rh3 Qc5) 23. Rxa3 (23. Rb1 $15) 23... Qxa3 24. Kh2 Qd6+ 25. g3 Qd5 26. Qd3 (26. Re1 $17) 26... b5 27. Re1 Ng6 (27... Nf5 $19 {And now ...b4 would win.} 28. Re4 b4) 28. Nd2 (28. Ra1 $17) 28... b4 (28... Rd8 $19 {[%cal Oa7a5] ...a5! would now be deadly.} 29. Re3 a5 (29... Qxd4 $2 30. Re8+ Kg7 31. Rxd8 $18)) 29. Ne4 $2 (29. Ra1 $17) 29... Kg7 $19 30. Qf3 f5 ({Not} 30... Qxd4 31. Rd1 Qe5 32. Nd6 $17) 31. h5 $2 (31. Ng5 Rd8 (31... Qxd4 32. Nxf7 Rf8 33. h5 $19) 32. Qxd5 Rxd5 33. Nf3) 31... fxe4 32. Qg4 {[%emt 0:00:07] [#]} b3 $2 33. Qxc8 $11 {[%emt 0:00:14] The position is equal.} Qxh5+ 34. Kg1 Qf3 {[%emt 0:00:06][%cal Oe4e3] Repels Qc3. aiming for ...e3!} 35. Qb7 Nf4 36. gxf4 Qg4+ 37. Kh1 {[%emt 0:00:19] Weighted Error Value: White=0.56/Black=0.40.  Loses game:     	White=1     	---        Mistake:       	White=7     	Black=3      Inaccurate:     	White=1     	Black=3      OK:         	White=9     	Black=9      Best:        	White=5     	Black=2      Strong:       	White=1     	Black=1} (37. Kf1 $5 Qh3+ $8 38. Kg1 Qg4+ 39. Kf1 Qh3+ 40. Kg1 Qg4+ $11) 1/2-1/2

[Event "XVI Memorial Ezequiel Martin 2024"]
[Site "Mollet"]
[Date "2024.06.09"]
[Round "2.3"]
[White "Perez Pastora, Evarist"]
[Black "Diaz Camallonga, Carles"]
[Result "0-1"]
[ECO "C17"]
[WhiteElo "2070"]
[BlackElo "2478"]
[Annotator "TA"]
[PlyCount "112"]
[EventDate "2024.06.01"]
[EventType "swiss"]
[EventCountry "ESP"]
[SourceTitle "playchess.com"]
[Source "ChessBase"]
[SourceQuality "1"]
[TimeControl "900+5"]

1. e4 e6 2. d4 d5 3. Nc3 Bb4 4. e5 c5 5. Bd2 Ne7 6. Nb5 Bxd2+ 7. Qxd2 O-O 8. f4 a6 9. Nd6 cxd4 10. Nf3 Nbc6 11. Bd3 f6 12. O-O f5 (12... Bd7 $11) 13. Qf2 {[%emt 0:00:35][%mdl 1024] White has strong compensation.} Qb6 14. a4 ({Better is} 14. c4 $14) 14... h6 15. b3 Bd7 16. Kh1 Nc8 17. Nxc8 Raxc8 18. Rac1 Be8 19. Qh4 (19. Rg1 $1 $15) 19... Nb4 $17 20. Rfd1 (20. Qf2 $142) 20... Na2 ({Black should play} 20... Rc3 $1 $17 {Hoping for ...Nxd3.} 21. h3 Bf7) 21. Ra1 $11 Nc3 22. Rf1 Ne4 23. Qe7 (23. g4 $11) 23... Rc7 (23... Nc5 $1 $17 {aiming for ...Bh5.} 24. Qh4 Nxd3 25. cxd3 Bd7 (25... Qxb3 26. Nxd4 Qxd3 27. Nxe6 $15)) 24. a5 $1 {[%emt 0:00:40] Qxf8+ would now be deadly.} Qc6 25. Qb4 Qc3 26. Qxd4 Bh5 27. Qxc3 $1 Rxc3 28. Nd4 Nc5 29. b4 (29. Rfc1 $11) 29... Nxd3 $17 30. cxd3 Re8 31. Rab1 Rxd3 32. Nb3 Re7 {[%emt 0:00:00] Black is more active.} 33. Nc5 Rc3 (33... Rd4 $17 {Threatening ...g5.} 34. h4 Kf7) 34. Rfc1 $11 Rxc1+ 35. Rxc1 {[%emt 0:00:01][%mdl 4096] Endgame. KRB-KRN} g5 36. fxg5 hxg5 37. Rb1 (37. Nb3 $11) 37... Be2 38. Kg1 $1 Bc4 {[%emt 0:00:00] Black wants to play ...Kf7.} 39. g3 Kf7 {[%emt 0:00:00] White should prevent ...Kg6.} 40. Kf2 Kg6 41. Ke3 (41. h4 $1 $11 {was the only way to keep the balance.}) 41... Kh5 (41... Rf7 $17 {...f4+ is the strong threat.} 42. Rb2 (42. Nxe6 $2 Re7 $19) 42... f4+ 43. Kd4 Kf5) 42. h3 Kg6 43. Rh1 (43. Kd4 $11) 43... Kh5 (43... d4+ $15 44. Kxd4 Bd5) 44. Rh2 Bb5 45. h4 (45. Rg2 $11) 45... Kg4 $1 $17 46. hxg5 Kxg3 47. Rh6 {[%emt 0:00:25][%cal Oh6f6] Black must now prevent Rf6!} f4+ 48. Kd2 f3 {[%emt 0:00:00] Strongly threatening ...f2.} 49. Rf6 f2 50. Nd3 Bxd3 51. Kxd3 {[%emt 0:00:00] [#] KR-KR} Rc7 $1 52. g6 $2 (52. Ke2 $17) 52... Kg2 $19 53. Ke2 {[%emt 0:00:14] [#]} Rc2+ $2 (53... Kg1 $1 $19 {( -> ...Rc2+)} 54. Rf4 (54. Rxf2 Rc2+ 55. Kd3 Rxf2 56. Kd4 Rg2 57. b5 axb5 58. g7 Rxg7 59. Kc5 Kf2 60. Kd6 d4 61. a6 bxa6 62. Kxe6 d3 63. Kf6 Rg1 64. e6 d2 65. e7 Re1 66. Kg7 d1=Q 67. e8=B Rxe8 68. Kf7 Qd7+ 69. Kg6 Qe6+ 70. Kh5 Rg8 71. Kh4 Qh6#) 54... Rc2+ 55. Kd1 Rc4 (55... f1=R+ 56. Rxf1+ Kxf1 57. Kxc2 Kf2 58. g7 Ke3 59. g8=Q Ke4 60. Qxe6)) 54. Kd3 Rc4 (54... f1=B+ 55. Kxc2 Be2 56. g7 (56. Rxe6 Bg4 $18) 56... Kh3 57. g8=Q (57. g8=B Kg3 $18) (57. Rh6+ Kg3 58. Rf6 Kh3 59. g8=Q Bg4 60. Qg5 Bf5+ 61. Kd2 Bg4 62. Rg6 Kh2 63. Qxg4 Kh1 64. Rh6#) 57... Bg4 58. Qg5 (58. Kd2 Kh4 59. Rf4 Kh3 60. Qxg4+ Kh2 61. Rf2+ Kh1 62. Qg2#) 58... d4 59. Kd2 Kg3 60. Rg6 (60. Rxe6 Kf3 61. Rf6+ Kg3 62. Rg6 Kh2 63. Qxg4 Kh1 64. Rh6#) (60. Qf4+ Kh3 61. Rh6+ Bh5 62. Qg5 Kh2 63. Rxh5#) 60... Kh2 61. Qxg4 Kh1 62. Rh6#) (54... Rc7 $2 55. Ke2 Kg1 (55... Rc2+ 56. Kd1 $19) 56. Rf4 $19 (56. Rxf2 $2 Rc2+ 57. Ke3 Rxf2 $19)) 55. Ke2 (55. g7 $11 Rg4 (55... f1=R 56. g8=Q+ Kh3 57. Rxf1 Rg4 58. Rf3+ Kh4 59. Qh8+ Kg5 60. Qf6+ Kh5 61. Rh3+) 56. Ke2 Re4+ (56... Rxb4 57. g8=Q+ Kh3 58. Rh6+ Rh4 59. Kxf2 Rxh6 60. Qg3#) (56... Rxg7 57. Rxf2+ Kg3 58. Rf3+ Kg4 59. Rf6 $11) 57. Kd2) 55... Re4+ (55... Rxb4 56. Rxf2+ Kh3 57. Rf3+ Kh2 58. g7 $18) 56. Kd2 f1=Q {[%emt 0:00:03] Weighted Error Value: White=0.48/Black=0.34.  Loses game:     	White=2     	---        Mistake:       	White=9     	Black=6      Inaccurate:     	White=5     	Black=3      OK:         	White=8     	Black=7      Best:        	White=7     	Black=9      Strong:       	White=3     	Black=2} ({Less strong is} 56... f1=B 57. Rxe6 Rd4+ (57... Rxb4 58. Rf6 $15) 58. Kc1 $17) 0-1

[Event "XVI Memorial Ezequiel Martin 2024"]
[Site "Mollet"]
[Date "2024.06.09"]
[Round "2.4"]
[White "Ayats Llobera, Gerard"]
[Black "Aleksanyan Israilyan, Nicolas"]
[Result "1-0"]
[ECO "C60"]
[WhiteElo "2466"]
[BlackElo "2081"]
[Annotator "TA"]
[PlyCount "63"]
[EventDate "2024.06.01"]
[EventType "swiss"]
[EventCountry "ESP"]
[SourceTitle "playchess.com"]
[Source "ChessBase"]
[SourceQuality "1"]
[TimeControl "900+5"]

1. e4 e5 2. Nf3 Nc6 3. Bb5 g6 4. O-O Bg7 5. c3 Nge7 6. d4 a6 7. Ba4 exd4 8. cxd4 b5 9. Bb3 Na5 10. Bc2 O-O {[%emt 0:00:08] The position is equal.} 11. Nc3 d6 12. Re1 c5 13. d5 Nc4 14. Rb1 Bb7 15. a4 b4 16. Ne2 a5 17. Bd3 Nb6 {[%emt 0:00:01] [#] ...c4 is the strong threat.} 18. b3 f5 (18... Ba6 $11) 19. Nf4 $16 Bc8 (19... Bc3 $142) 20. Ng5 Bc3 21. Bd2 {[%emt 0:00:00] And now Nge6 would win. White is more active.} Bxd2 $2 {[%emt 0:00:07] Black cannot hold the game after this.} (21... fxe4 $16 22. Nfe6 (22. Nxe4 Bxd2 23. Qxd2 Nf5 $14) (22. Bxe4 Rxf4 23. Bxf4 Bxe1 $16) (22. Rxe4 Bf5 $16) 22... Bxe6 23. Nxe6 Qd7) 22. Qxd2 $18 Qd7 $2 (22... Qc7 23. Nfe6 Bxe6) 23. Nfe6 Re8 24. Qb2 {[%emt 0:00:00][%csl Ge6][%cal Rb2g7] [#]} Nc6 25. dxc6 Qe7 26. exf5 {[%emt 0:00:00] Black must now prevent f6.} Bxe6 {[%emt 0:00:14] Black is weak on the light squares} 27. Nxe6 Nd5 28. Bc4 Nc3 29. Nxc5+ Qf7 30. Bxf7+ Kxf7 31. fxg6+ hxg6 32. Nd3 {[%emt 0:00:00] Weighted Error Value: White=0.11 (very precise) /Black=0.74.  Loses game:     	---       	Black=1      Mistake:       	---       	Black=3      Inaccurate:     	White=1     	Black=2      OK:         	White=4     	Black=3      Best:        	White=1     	Black=1} 1-0

[Event "XVI Memorial Ezequiel Martin 2024"]
[Site "Mollet"]
[Date "2024.06.09"]
[Round "2.5"]
[White "Garcia Marin, Guillem"]
[Black "Hernandez, Cristian Andres"]
[Result "0-1"]
[ECO "A46"]
[WhiteElo "2062"]
[BlackElo "2350"]
[Annotator "RC"]
[PlyCount "80"]
[EventDate "2024.06.01"]
[EventType "swiss"]
[EventCountry "ESP"]
[SourceTitle "playchess.com"]
[Source "ChessBase"]
[SourceQuality "1"]
[TimeControl "900+5"]

1. d4 Nf6 2. Nf3 e6 3. g3 b5 4. Bg2 Bb7 5. O-O c5 6. a4 b4 7. c4 bxc3 8. bxc3 Be7 9. Ba3 Qc7 10. Nbd2 O-O 11. Rb1 Na6 12. Nc4 Be4 13. Rc1 Rfc8 14. Nce5 h6 15. Nd3 d5 16. Nde5 Rab8 17. Bh3 c4 18. Bxe7 Qxe7 19. Nd2 Bh7 20. Bg2 Rb2 21. Re1 Qa3 22. e4 Ra2 23. exd5 exd5 24. Nf1 Qb2 25. Qf3 Nc7 26. Nc6 Be4 27. Rb1 Bxf3 28. Rxb2 Rxb2 29. Ne7+ Kf8 30. Nxc8 Bxg2 31. Kxg2 Ne4 32. Nxa7 Nxf2 33. Kf3 Ne4 34. a5 Rf2+ 35. Ke3 Ra2 36. Nc6 Nxc3 37. Kf4 N3b5 38. Ne3 f6 39. h4 h5 40. Rb1 Rf2# 0-1

[Event "XVI Memorial Ezequiel Martin 2024"]
[Site "Mollet"]
[Date "2024.06.09"]
[Round "2.6"]
[White "Aloma Vidal, Robert"]
[Black "Nadal Fajardo, Ricard"]
[Result "1/2-1/2"]
[ECO "A14"]
[WhiteElo "2428"]
[BlackElo "2073"]
[Annotator "RC"]
[PlyCount "171"]
[EventDate "2024.06.01"]
[EventType "swiss"]
[EventCountry "ESP"]
[SourceTitle "playchess.com"]
[Source "ChessBase"]
[SourceQuality "1"]
[TimeControl "900+5"]

1. c4 e6 2. g3 d5 3. Bg2 Nf6 4. Nf3 Be7 5. O-O O-O 6. b3 Nbd7 7. Bb2 b6 8. cxd5 exd5 9. Nc3 Bb7 10. e3 a6 11. Ne2 Bd6 12. Rc1 c5 13. d4 Qe7 14. Nf4 Rac8 15. dxc5 bxc5 16. Nh4 Be5 17. Ba3 Rfd8 18. Nd3 Ne4 19. Nxe5 Qxe5 20. Nf3 Qf5 21. Qc2 Ndf6 22. Bb2 h6 23. Nd2 Qe6 24. Nxe4 Nxe4 25. Rfe1 Rd7 26. Qe2 Rdc7 27. Qh5 Qg6 28. Qxg6 fxg6 29. f3 Nf6 30. Bh3 Re8 31. b4 Bc8 32. Bg2 c4 33. e4 dxe4 34. fxe4 Bb7 35. e5 Nd5 36. a3 c3 37. Bxd5+ Bxd5 38. Rxc3 Rxc3 39. Bxc3 Rc8 40. Re3 Kf7 41. Kf2 Ke6 42. Ke2 Rf8 43. Bd4 Bc4+ 44. Kd2 Bb5 45. Re1 Rf3 46. Be3 Rf5 47. Bc5 Rxe5 48. Rxe5+ Kxe5 49. Kc3 Ba4 50. Bd4+ Kd5 51. Bxg7 h5 52. Bf6 Ke6 53. Bd8 Kd5 54. Kd3 Bb5+ 55. Ke3 Ba4 56. Kf4 Ke6 57. Ke4 Bb3 58. Kd4 Ba4 59. Kc5 Kf5 60. Kb6 Bb5 61. h3 Ke4 62. Ka5 Kd5 63. a4 Bf1 64. Kb6 Kd6 65. Bg5 Kd7 66. Bf4 Kc8 67. h4 Be2 68. Be5 Bf1 69. Kc6 Bd3 70. b5 axb5 71. axb5 Be4+ 72. Kb6 Bf3 73. Ka7 Be2 74. b6 Bf3 75. Ka6 Bg2 76. Kb5 Kb7 77. Kc5 Be4 78. Bc7 Bf3 79. Kd6 Bg4 80. Ke5 Bf5 81. Kf6 Bg4 82. Kxg6 Bf3 83. Kg5 Bg4 84. Kf4 Bd1 85. Ke3 Bg4 86. Kf4 1/2-1/2